 Dungeon Crawl Stone Soup version 0.28-a0-983-g1de4e0787c (webtiles) character file.

Game seed: 2166133931588580088

154 emperorscorpion the Sneak (level 5, -3/35 HPs)
             Began as a Djinni Enchanter on Dec 2, 2021.
             Was a Plaything of Xom.
             Slain by an ogre (16 damage)
             ... on level 4 of the Dungeon.
             The game lasted 00:12:45 (5034 turns).

emperorscorpion the Sneak (Djinni Enchanter)        Turns: 5034, Time: 00:12:45

Health: -3/35      AC:  2    Str:  7      XL:     5   Next: 62%
Gold:   225        EV: 13    Int: 16      God:    Xom [*.....] SH:  0 Dex: 21 (22)

rFire   + + .      SeeInvis +   a - +1 dagger
rCold   x . .      Faith    .   (no shield)
rNeg    . . .      Spirit   .   b - +0 robe
rPois   ∞          Reflect  .   (no helmet)
rElec   .          Harm     .   (no cloak)
rCorr   .          Rampage  .   (no gloves)
Will    .....                   (boots unavailable)
Stlth   +++.......              (no amulet)
HPRegen 0.11/turn               j - +6 ring of dexterity
MPRegen 0.00/turn               k - ring of see invisible

@: flying
A: sickness immunity, fire resistance 2, cold vulnerability 1, float, innate
caster, hp casting, extra vitality 1
a: Renounce Religion


You were on level 4 of the Dungeon.
You worshipped Xom.
You were a special plaything of Xom.
You visited 1 branch of the dungeon, and saw 4 of its levels.

You collected 225 gold pieces.

Inventory:

Hand Weapons
 a - a +1 dagger (weapon)
 g - a +0 hunting sling
Missiles
 l - 3 boomerangs
 p - 2 poisoned darts
Armour
 b - a +0 robe (worn)
Jewellery
 h - a ring of protection from fire
 j - a +6 ring of dexterity (left hand)
 k - a ring of see invisible (right hand)
Scrolls
 c - 3 scrolls of vulnerability {unknown}
 e - a scroll of enchant weapon {unknown}
 f - 7 scrolls of identify
 i - a scroll of silence
 m - a scroll of blinking {unknown}
Potions
 d - a potion of might
 n - a potion of magic {unknown}
 o - 2 potions of haste {unknown}


   Skills:
 + Level 0.2 Fighting
 + Level 1.4 Short Blades
 + Level 2.6 Dodging
 + Level 4.0 Stealth
 + Level 3.3 Spellcasting


You couldn't memorise any spells.
You knew the following spells:

 Your Spells              Type           Power      Damage    Failure   Level
a - Ensorcelled Hibernat  Hex/Ice        26%        N/A       7%          2
b - Confusing Touch       Hex            13%        N/A       14%         3
c - Tukima's Dance        Hex            13%        N/A       14%         3
d - Dazzling Flash        Conj/Hex       26%        N/A       14%         3
e - Animate Skeleton      Necr           26%        N/A       4%          1
f - Searing Ray           Conj           26%        2d5       7%          2
Your spell library was empty.

Dungeon Overview and Level Annotations

Branches:
Dungeon (4/15)
 Temple: D:4-7

Altars:
Fedhas
Qazlal
Xom

Shops:
D:1 *


Innate Abilities, Weirdness & Mutations

You are immune to sickness and miasma.
You are immune to poison.
Your flesh is very heat resistant. (rF++)
You are vulnerable to cold. (rC-)
You float through the air rather than walking.
You learn spells naturally, not from books.
Your magical power is your life essence.
You have superior vitality. (+4 HP)


Message History

Press: ? - help, Shift-Dir - straight line, f - you, p - ogre That would be overly suicidal.
Okay, then.
Unknown command.
Unknown command.
Casting: Tukima's Dance (quite dangerous; 14% risk of failure)
Confirm with . or Enter, or press ? or * to list all spells.
Aiming: Ensorcelled Hibernation (safe; 7% risk of failure)
Press: ? - help, Shift-Dir - straight line, f - ogre
Aim: an ogre (chance to affect: 44%)
The ogre looks drowsy...
You see here a +0 giant club.
The helpless ogre fails to defend itself.
You impale the ogre!!
The ogre is severely wounded.
The ogre hits you but does no damage.
Casting: Ensorcelled Hibernation (safe; 7% risk of failure)
Confirm with . or Enter, or press ? or * to list all spells.
The spell is quite dangerous to miscast (14% risk of failure)!
Continue anyway?
Casting: Dazzling Flash (quite dangerous; 14% risk of failure)
Press: ? - help, Dir - look around, f - activate
Casting: Dazzling Flash (quite dangerous; 14% risk of failure)
Confirm with . or Enter, or press ? or * to list all spells.
The spell is quite dangerous to miscast (14% risk of failure)!
Continue anyway?
Casting: Dazzling Flash (quite dangerous; 14% risk of failure)
Press: ? - help, Dir - look around, f - activate The ogre is dazzled.
The ogre misses you.
Unknown command.
You barely miss the ogre.
The ogre is severely wounded.
The ogre misses you.
You hit the ogre.
The ogre is almost dead.
The ogre hits you!
You hit the ogre.
The ogre is almost dead.
You hit the ogre.
The ogre is almost dead.
The ogre hits you!
You die...

.... ...#....... ....
..........###P# .. .o..
..........#...##.## ....
..........#......P.. ....
..........+........# #...
..........#........# #
..........#........#
.........@O........#
.........).........#
.######'##.........#
#.....<.[.........#
#.########........#
#.#........)#'#####
#.#.#########.########
#.....................
###.#..######.###########


You could see an ogre (blind).

Vanquished Creatures
  An orc wizard (D:3)
  A howler monkey skeleton (D:4)
  4 adders
  A shadow imp (D:3)
  2 worms (D:2)
  2 dart slugs
  5 orcs
  5 endoplasms
  4 giant cockroaches
  4 goblins
  4 hobgoblins
  3 jackals (D:2)
  5 ball pythons
  6 bats
  5 frilled lizards
  8 kobolds
  A rat (D:3)
61 creatures vanquished.

Vanquished Creatures (others)
  A dancing weapon (D:4)
  A hobgoblin (D:1)
  2 plants (D:4)
4 creatures vanquished.

Grand Total: 65 creatures vanquished

Notes
Turn   | Place    | Note
-------+----------+-------------------------------------------
     0 | D:1      | emperorscorpion the Djinni Enchanter began the quest for
                  | the Orb.
     0 | D:1      | Reached XP level 1. HP: 15/15 MP: 0/0
   295 | D:1      | Reached XP level 2. HP: 21/21 MP: 0/0
   340 | D:1      | Found a faded altar of an unknown god.
   405 | D:1      | Reached skill level 1 in Short Blades
   669 | D:1      | Found Zuyxzonk's General Store.
  1262 | D:1      | Prayed at the altar of an unknown god.
  1262 | D:1      | Became a worshipper of Xom of Chaos
  1347 | D:2      | Reached XP level 3. HP: 16/25 MP: 0/0
  1347 | D:2      | Learned a level 1 spell: Animate Skeleton
  1420 | D:1      | XOM: divination: detect creatures
  1877 | D:1      | XOM: silly message
  1927 | D:2      | XOM: cloud trail
  2066 | D:2      | Reached skill level 3 in Stealth
  2184 | D:2      | XOM: silly message
  2274 | D:2      | XOM: potion effect (berserk rage)
  2416 | D:2      | XOM: potion effect (berserk rage)
  2418 | D:2      | Reached XP level 4. HP: 21/31 MP: 0/0
  2567 | D:1      | XOM: silly message
  3443 | D:3      | XOM: 1-stop teleportation journey
  3445 | D:3      | Reached XP level 5. HP: 35/35 MP: 0/0
  3445 | D:3      | Learned a level 2 spell: Searing Ray
  4068 | D:3      | XOM: scenery: create altars
  4307 | D:3      | XOM: scenery: summon butterflies
  4347 | D:3      | Found a stormy altar of Qazlal.
  4350 | D:3      | Found a blossoming altar of Fedhas.
  4567 | D:4      | XOM: 2-stop teleportation journey
  4572 | D:4      | XOM: 1-stop teleportation journey
  4752 | D:4      | XOM: stat loss: -1 Dex (21/22)
  5008 | D:4      | Reached skill level 4 in Stealth
  5022 | D:4      | Noticed an ogre
  5034 | D:4      | Slain by an ogre

Illustrated notes

Levels and vault maps discovered:
D:1:      minmay_arrival_glassed_features, layout_rooms, serial_shops,
          nicolae_shop_statue_plus, basic_ecumenical_altar
D:2:      layout_loops_cross, minmay_randomly_rotated_circles
D:3:      layout_loops_ring, grunt_temple_overflow_forces_of_nature
D:4:      layout_basic, minmay_temple_entry_gardened_gates,
          supply_closet_lemuel, corexii_hall_statues_t,
          nicolae_figureground_pulse

Skill      XL: |  1  2  3  4  5 |
---------------+----------------+-----
Short Blades   | 1 |  1.4
Stealth        | 3 4 |  4.0
Spellcasting   | 3 |  3.3
Fighting       | |  0.2
Dodging        | |  2.6

Action                   |  1- 3 |  4- 6 || total
-------------------------+-------+-------++-------
Melee: Dagger            |    58 |    45 ||   103
 Cast: Ensorcelled Hiber |    46 |    17 ||    63
       Dazzling Flash    |       |     5 ||     5
       Searing Ray       |       |     4 ||     4
       Tukima's Dance    |       |     1 ||     1
  Use: Potion            |     1 |     2 ||     3
       Scroll            |     1 |     2 ||     3
 Stab: Sleeping          |    28 |    20 ||    48
       Invisible         |     1 |       ||     1
Armor: Robe              |    27 |     4 ||    31
Dodge: Dodged            |    50 |    23 ||    73

Table legend: (Time is in decaauts)
 A = Elapsed time spent in this place.
 B = Non-inter-level travel time spent in this place.
 C = Inter-level travel time spent in this place.
 D = Time resting spent in this place.
 E = Time spent auto-exploring this place.
 F = Levels seen in this place.
 G = Mean time per level.
                   A        B        C        D        E       F      G
               +--------+--------+--------+--------+--------+-----+--------+
         Total |   5043 |   4555 |    488 |    643 |   3298 |   4 | 1260.8 |
       Dungeon |   5043 |   4555 |    488 |    643 |   3298 |   4 | 1260.8 |
               +--------+--------+--------+--------+--------+-----+--------+

Top non-repeatable levels by time:
     D:1: 1980 daAuts
     D:2: 1663 daAuts
     D:3: 930 daAuts
     D:4: 468 daAuts
